APP
OGDEN RAPTORS @ CHICAGO (APP) CUBS
07/26/2044
 
TOP OF THE 1ST
Ogden Raptors batting - Pitching for Chicago (APP) Cubs : RHP Dustin Buckner
Pitching: RHP Dustin Buckner
Batting: SHB Darius Vinson 0-0: Ball
1-0: Ball
2-0: Called Strike
2-1: Swinging Strike
2-2: Ball
3-2: SINGLE (Groundball, 34D, EV 110.0 MPH)
Batting: LHB Santiago Chavira 0-0: Ball
1-0: Foul Ball, location: 2F
1-1: Foul Ball, location: 2F
1-2: Ball
Darius Vinson steals 2nd base (no throw)
2-2: Ball
Wild Pitch!
Darius Vinson to third
3-2: Foul Ball, location: 2F
3-2: Strikes out looking
Batting: LHB Mike Dickinson 0-0: Ball
1-0: Foul Ball, location: 2F
1-1: Called Strike
1-2: Foul Ball, location: 2F
1-2: Ball
2-2: Foul Ball, location: 2F
2-2: Ball
3-2: Base on Balls
Batting: LHB Mitchell Casey 0-0: Ball
1-0: Foul Ball, location: 2F
1-1: Called Strike
1-2: Strikes out swinging
Batting: RHB Gary Ming 0-0: Ball
1-0: Ball
2-0: Ball
3-0: Base on Balls
Mike Dickinson to second
Batting: RHB Kevin Ezell 0-0: Called Strike
0-1: Foul Ball, location: 2F
0-2: Ball
1-2: Fielders Choice at 2nd, 5-4 (Groundball, 56, EV 108.8 MPH)
Top of the 1st over - 0 runs, 1 hit, 0 errors, 3 left on base; Ogden 0 - Chicago (APP) 0
BOTTOM OF THE 1ST
Chicago (APP) Cubs batting - Pitching for Ogden Raptors : RHP Ian Wilson
Pitching: RHP Ian Wilson
Batting: RHB Andy Huntley 0-0: Ball
1-0: Ground out 6-3 (Groundball, 6, EV 100.6 MPH)
Batting: RHB Leonardo Nava 0-0: Ball
1-0: Ball
2-0: Swinging Strike
2-1: Foul Ball, location: 2F
2-2: Foul Ball, location: 2F
2-2: Strikes out looking
Batting: RHB Tak-keung Chieu 0-0: Called Strike
0-1: Foul Ball, location: 2F
0-2: Ball
1-2: Ground out 4-3 (Groundball, 4, EV 96.2 MPH)
Bottom of the 1st over - 0 runs, 0 hits, 0 errors, 0 left on base; Ogden 0 - Chicago (APP) 0
TOP OF THE 2ND
Ogden Raptors batting - Pitching for Chicago (APP) Cubs : RHP Dustin Buckner
Batting: RHB Bob Magana 0-0: Foul Ball, location: 2F
0-1: Foul Ball, location: 2F
0-2: Strikes out looking
Batting: RHB Luis Hinostroza 0-0: Ball
1-0: Foul Ball, location: 2F
1-1: Foul Ball, location: 2F
1-2: Strikes out swinging
Batting: SHB Josh Vaill 0-0: Foul Ball, location: 2F
0-1: Foul Ball, location: 2F
0-2: Strikes out swinging
Top of the 2nd over - 0 runs, 0 hits, 0 errors, 0 left on base; Ogden 0 - Chicago (APP) 0
BOTTOM OF THE 2ND
Chicago (APP) Cubs batting - Pitching for Ogden Raptors : RHP Ian Wilson
Batting: RHB Sam Sours 0-0: Swinging Strike
0-1: Ball
1-1: Ground out 5-3 (Groundball, 56, EV 81.9 MPH)
Batting: SHB Gabriel Cruz 0-0: Called Strike
0-1: Swinging Strike
0-2: Ball
1-2: Ball
2-2: Ball
3-2: Foul Ball, location: 2F
3-2: Fly out, F7 (Flyball, 7, EV 96.2 MPH)
Batting: RHB Ryan Bush 0-0: Ball
1-0: Ball
2-0: Ball
3-0: Called Strike
3-1: Fly out, F8 (Flyball, 8LD, EV 94.4 MPH)
Bottom of the 2nd over - 0 runs, 0 hits, 0 errors, 0 left on base; Ogden 0 - Chicago (APP) 0
TOP OF THE 3RD
Ogden Raptors batting - Pitching for Chicago (APP) Cubs : RHP Dustin Buckner
Batting: SHB Darius Vinson 0-0: Swinging Strike
0-1: Ball
1-1: Ball
2-1: Called Strike
2-2: Reached on error, E5 (Groundball, 56, EV 89.4 MPH)
Batting: LHB Santiago Chavira 0-0: Fielders Choice at 2nd, 5-4 (Groundball, 56, EV 87.5 MPH)
Batting: LHB Mike Dickinson 0-0: Called Strike
0-1: Ball
Santiago Chavira steals 2nd base
1-1: Ball
2-1: Ball
3-1: Foul Ball, location: 2F
3-2: Base on Balls
Batting: LHB Mitchell Casey 0-0: Ball
1-0: Called Strike
1-1: Foul Ball, location: 2F
1-2: Strikes out swinging
Batting: RHB Gary Ming 0-0: Ball
1-0: Foul Ball, location: 2F
1-1: Ground out 1-3 (Groundball, 34S, EV 62.5 MPH)
Top of the 3rd over - 0 runs, 0 hits, 1 error, 2 left on base; Ogden 0 - Chicago (APP) 0
BOTTOM OF THE 3RD
Chicago (APP) Cubs batting - Pitching for Ogden Raptors : RHP Ian Wilson
Batting: RHB Jake Mitchell 0-0: Called Strike
0-1: Ball
1-1: SOLO HOME RUN (Line Drive, 7D, EV 100.0 MPH), Distance : 409 ft
Batting: LHB Mark Ingram 0-0: Ball
1-0: Foul Ball, location: 2F
1-1: Ball
2-1: Called Strike
2-2: Foul Ball, location: 2F
2-2: Foul Ball, location: 2F
2-2: Foul Ball, location: 2F
2-2: Ground out U3 (Groundball, 3, EV 90.0 MPH)
Batting: RHB Randy Schmitt 0-0: Ball
1-0: Ball
2-0: Ball
3-0: Base on Balls
Batting: RHB Andy Huntley 0-0: Called Strike
0-1: Swinging Strike
0-2: Strikes out looking
Batting: RHB Leonardo Nava 0-0: Ball
Pickoff Play to 1st, Runner tries for 2nd, SAFE after rundown.
1-0: Ball
2-0: Ball
3-0: Called Strike
3-1: Ground out 4-3 (Groundball, 4, EV 85.0 MPH)
Bottom of the 3rd over - 1 run, 1 hit, 0 errors, 1 left on base; Ogden 0 - Chicago (APP) 1
TOP OF THE 4TH
Ogden Raptors batting - Pitching for Chicago (APP) Cubs : RHP Dustin Buckner
Batting: RHB Kevin Ezell 0-0: SINGLE (Groundball, 56D, EV 101.2 MPH)
Batting: RHB Bob Magana 0-0: Called Strike
0-1: Swinging Strike
0-2: Foul Ball, location: 2F
0-2: Ball
1-2: Foul Ball, location: 2F
1-2: Strikes out swinging
Batting: RHB Luis Hinostroza 0-0: Grounds into double play, 6-4-3 (Groundball, 6M, EV 87.5 MPH)
Top of the 4th over - 0 runs, 1 hit, 0 errors, 0 left on base; Ogden 0 - Chicago (APP) 1
BOTTOM OF THE 4TH
Chicago (APP) Cubs batting - Pitching for Ogden Raptors : RHP Ian Wilson
Batting: RHB Tak-keung Chieu 0-0: Called Strike
0-1: Ball
1-1: Called Strike
1-2: Strikes out swinging
Batting: RHB Sam Sours 0-0: Ball
1-0: Ball
2-0: Foul Ball, location: 2F
2-1: Ball
3-1: Base on Balls
Batting: SHB Gabriel Cruz 0-0: Foul Ball, location: 2F
0-1: Grounds out, U3 (Groundball, 3L, EV 98.8 MPH)
Batting: RHB Ryan Bush 0-0: Ball
1-0: Swinging Strike
1-1: Ball
2-1: Ball
3-1: 2-RUN HOME RUN (Flyball, 7LD, EV 97.5 MPH), Distance : 372 ft
Batting: RHB Jake Mitchell 0-0: Foul Ball, location: 2F
0-1: Ball
1-1: Foul Ball, location: 2F
1-2: Ball
2-2: Foul Ball, location: 2F
2-2: Ball
3-2: Foul Ball, location: 2F
3-2: Base on Balls
Batting: LHB Mark Ingram 0-0: Ball
1-0: Fly out, F9 (Line Drive, 9, EV 88.1 MPH)
Bottom of the 4th over - 2 runs, 1 hit, 0 errors, 1 left on base; Ogden 0 - Chicago (APP) 3
TOP OF THE 5TH
Ogden Raptors batting - Pitching for Chicago (APP) Cubs : RHP Dustin Buckner
Batting: SHB Josh Vaill 0-0: Ball
1-0: Ground out 4-3 (Groundball, 4M, EV 87.5 MPH)
Batting: SHB Darius Vinson 0-0: Called Strike
0-1: Ground out 4-3 (Groundball, 4, EV 76.9 MPH)
Batting: LHB Santiago Chavira 0-0: Swinging Strike
0-1: SINGLE (Groundball, 6MD, EV 105.6 MPH)
Pitching: RHP Rob Craft
Batting: LHB Mike Dickinson 0-0: SINGLE (Groundball, 6M, EV 103.8 MPH) (infield hit)
Santiago Chavira to second
Batting: LHB Mitchell Casey 0-0: Called Strike
0-1: Foul Ball, location: 2F
0-2: Ball
1-2: 3-RUN HOME RUN (Flyball, 89XD, EV 110.6 MPH), Distance : 435 ft
Batting: RHB Gary Ming 0-0: Foul Ball, location: 2F
0-1: Ground out U3 (Groundball, 3, EV 88.1 MPH)
Top of the 5th over - 3 runs, 3 hits, 0 errors, 0 left on base; Ogden 3 - Chicago (APP) 3
BOTTOM OF THE 5TH
Chicago (APP) Cubs batting - Pitching for Ogden Raptors : RHP Ian Wilson
Batting: RHB Randy Schmitt 0-0: Called Strike
0-1: Foul Ball, location: 2F
0-2: Ball
1-2: Ball
2-2: Ball
3-2: Strikes out swinging
Batting: RHB Andy Huntley 0-0: Ball
1-0: Foul Ball, location: 2F
1-1: Ball
2-1: Ball
3-1: Foul Ball, location: 2F
3-2: Fly out, F2 (Popup, 23F, EV 86.2 MPH)
Batting: RHB Leonardo Nava 0-0: Foul Ball, location: 2F
0-1: Foul Ball, location: 2F
0-2: Foul Ball, location: 2F
0-2: Ball
1-2: Foul Ball, location: 2F
1-2: Ground out 6-3 (Groundball, 56, EV 98.8 MPH)
Bottom of the 5th over - 0 runs, 0 hits, 0 errors, 0 left on base; Ogden 3 - Chicago (APP) 3
TOP OF THE 6TH
Ogden Raptors batting - Pitching for Chicago (APP) Cubs : RHP Rob Craft
Batting: RHB Kevin Ezell 0-0: Ground out 5-3 (Groundball, 56, EV 86.2 MPH)
Batting: RHB Bob Magana 0-0: Ball
1-0: Ball
2-0: Ball
3-0: Base on Balls
Batting: RHB Luis Hinostroza 0-0: Ball
1-0: Ground out 6-3 (Groundball, 6M, EV 100.0 MPH)
Bob Magana to second
Batting: SHB Josh Vaill 0-0: Ball
1-0: Ball
2-0: Fly out, F5 (Popup, 5F, EV 58.1 MPH)
Top of the 6th over - 0 runs, 0 hits, 0 errors, 1 left on base; Ogden 3 - Chicago (APP) 3
BOTTOM OF THE 6TH
Chicago (APP) Cubs batting - Pitching for Ogden Raptors : RHP Ian Wilson
Batting: RHB Tak-keung Chieu 0-0: Called Strike
0-1: Ball
1-1: Fly out, F8 (Flyball, 89XD, EV 93.8 MPH)
Pitching: RHP Cory Fischer
Batting: RHB Sam Sours 0-0: Ball
1-0: Foul Ball, location: 2F
1-1: Ball
2-1: Foul Ball, location: 2F
2-2: Strikes out swinging
Batting: SHB Gabriel Cruz 0-0: Ball
1-0: Called Strike
1-1: Called Strike
1-2: Strikes out looking
Bottom of the 6th over - 0 runs, 0 hits, 0 errors, 0 left on base; Ogden 3 - Chicago (APP) 3
TOP OF THE 7TH
Ogden Raptors batting - Pitching for Chicago (APP) Cubs : RHP Rob Craft
Pitching: LHP Eddie Panagos
Batting: SHB Darius Vinson 0-0: Called Strike
0-1: Ball
1-1: Ball
2-1: Ground out 1-3 (Groundball, 13S, EV 71.2 MPH)
Batting: LHB Santiago Chavira 0-0: SINGLE (Line Drive, 7S, EV 111.2 MPH)
Batting: LHB Mike Dickinson 0-0: Called Strike
0-1: Ball
1-1: Ball
2-1: Ball
3-1: Called Strike
3-2: Strikes out swinging
Batting: LHB Mitchell Casey 0-0: Called Strike
0-1: Ball
1-1: Called Strike
1-2: Strikes out swinging
Top of the 7th over - 0 runs, 1 hit, 0 errors, 1 left on base; Ogden 3 - Chicago (APP) 3
BOTTOM OF THE 7TH
Chicago (APP) Cubs batting - Pitching for Ogden Raptors : RHP Cory Fischer
Batting: RHB Ryan Bush 0-0: Ball
1-0: Ball
2-0: Foul Ball, location: 2F
2-1: Foul Ball, location: 2F
2-2: Foul Ball, location: 2F
2-2: SINGLE (Groundball, 6M, EV 88.1 MPH) (infield hit)
Batting: RHB Jake Mitchell 0-0: Called Strike
0-1: Called Strike
0-2: Ball
1-2: Foul Ball, location: 2F
1-2: Ball
2-2: Foul Ball, location: 2F
2-2: Ball
3-2: Foul Ball, location: 2F
3-2: Grounds into double play, 6-4-3 (Groundball, 6M, EV 78.8 MPH)
Batting: LHB Mark Ingram 0-0: Called Strike
0-1: Foul Ball, location: 2F
0-2: DOUBLE (Groundball, 5L, EV 102.5 MPH)
Batting: RHB Randy Schmitt 0-0: Ball
1-0: Called Strike
1-1: Ball
2-1: Foul Ball, location: 2F
2-2: Ground out 5-3 (Groundball, 56, EV 108.8 MPH)
Bottom of the 7th over - 0 runs, 2 hits, 0 errors, 1 left on base; Ogden 3 - Chicago (APP) 3
TOP OF THE 8TH
Ogden Raptors batting - Pitching for Chicago (APP) Cubs : LHP Eddie Panagos
Batting: RHB Gary Ming 0-0: Ball
1-0: Ball
2-0: Swinging Strike
2-1: Swinging Strike
2-2: SOLO HOME RUN (Flyball, 7LD, EV 93.8 MPH), Distance : 363 ft
Batting: RHB Kevin Ezell 0-0: Ball
1-0: SOLO HOME RUN (Flyball, 7D, EV 98.1 MPH), Distance : 382 ft
Batting: RHB Bob Magana 0-0: Ball
1-0: Foul Ball, location: 2F
1-1: Foul Ball, location: 2F
1-2: Strikes out swinging
Batting: RHB Luis Hinostroza 0-0: Ground out 5-3 (Groundball, 5S, EV 90.0 MPH)
Batting: SHB Josh Vaill 0-0: Called Strike
0-1: Ball
1-1: Ball
2-1: Ground out 5-3 (Groundball, 56, EV 104.4 MPH)
Top of the 8th over - 2 runs, 2 hits, 0 errors, 0 left on base; Ogden 5 - Chicago (APP) 3
BOTTOM OF THE 8TH
Chicago (APP) Cubs batting - Pitching for Ogden Raptors : RHP Cory Fischer
Pitching: RHP Victor Delgado
Batting: RHB Andy Huntley 0-0: Swinging Strike
0-1: Ball
1-1: Ball
2-1: SINGLE (Line Drive, 6MD, EV 105.0 MPH)
Batting: RHB Leonardo Nava 0-0: Ball
1-0: Ball
2-0: Ball
3-0: Base on Balls
Andy Huntley to second
Batting: RHB Tak-keung Chieu 0-0: Ball
1-0: Ball
2-0: Ball
3-0: Called Strike
3-1: Base on Balls
Andy Huntley to third
Leonardo Nava to second
Batting: RHB Sam Sours 0-0: Foul Ball, location: 2F
0-1: Ball
1-1: Foul Ball, location: 2F
1-2: SINGLE (Groundball, 6, EV 83.1 MPH) (infield hit)
Andy Huntley scores
Leonardo Nava to third
Tak-keung Chieu to second
Pitching: RHP Justin Donovan
Batting: SHB Gabriel Cruz 0-0: Called Strike
0-1: Called Strike
0-2: Foul Ball, location: 2F
0-2: Strikes out looking
Batting: RHB Ryan Bush 0-0: Ball
1-0: Called Strike
1-1: Swinging Strike
1-2: Ball
2-2: Strikes out swinging
Batting: RHB Jake Mitchell 0-0: Swinging Strike
0-1: Called Strike
0-2: Foul Ball, location: 2F
0-2: Ball
1-2: Foul Ball, location: 2F
1-2: Strikes out swinging
Bottom of the 8th over - 1 run, 2 hits, 0 errors, 3 left on base; Ogden 5 - Chicago (APP) 4
TOP OF THE 9TH
Ogden Raptors batting - Pitching for Chicago (APP) Cubs : LHP Eddie Panagos
Pitching: LHP Neal Brody
Batting: SHB Darius Vinson 0-0: Called Strike
0-1: Ball
1-1: Ground out 4-3 (Groundball, 4, EV 83.1 MPH)
Batting: LHB Santiago Chavira 0-0: Called Strike
0-1: Ball
1-1: Called Strike
1-2: Ball
2-2: Foul Ball, location: 2F
2-2: Ground out 4-3 (Groundball, 4, EV 86.2 MPH)
Batting: LHB Mike Dickinson 0-0: Called Strike
0-1: Ball
1-1: SINGLE (Groundball, 5D, EV 103.8 MPH)
Batting: LHB Mitchell Casey 0-0: Ball
1-0: Called Strike
1-1: Ball
2-1: Foul Ball, location: 2F
2-2: Ground out U3 (Groundball, 3, EV 103.1 MPH)
Top of the 9th over - 0 runs, 1 hit, 0 errors, 1 left on base; Ogden 5 - Chicago (APP) 4
BOTTOM OF THE 9TH
Chicago (APP) Cubs batting - Pitching for Ogden Raptors : RHP Justin Donovan
Batting: LHB Mark Ingram 0-0: Foul Ball, location: 2F
0-1: Foul Ball, location: 2F
0-2: Strikes out swinging
Batting: RHB Randy Schmitt 0-0: Called Strike
0-1: Foul Ball, location: 2F
0-2: Strikes out swinging
Batting: RHB Andy Huntley 0-0: Ball
1-0: Ball
2-0: Called Strike
2-1: Ball
3-1: Called Strike
3-2: Strikes out looking
Bottom of the 9th over - 0 runs, 0 hits, 0 errors, 0 left on base; Ogden 5 - Chicago (APP) 4
Thursday, March 31st , 2022 - OOTP Baseball 22.12 Build 89